Map: Romanticide LE

Players

GOStephano (Stephano)

  • Race: Zerg Zerg
  • League: Grandmaster

HeroMarine - Winner!

  • Race: Terran Terran
  • League: Master

Event: DreamHack SC2 Masters 2021 Summer

VOD

Have the link to the VOD?

Description

Time

  • Played on: May 19, 2021, 12:13 p.m.
  • Length: 11:20

All games in this series

Show
View Real Time Build Order
Export as new Build Order

GOStephano Zerg 

Build Orders: Hatch First 

Get SALT Encoding   

  12  0:00  Drone  
  13  0:12  Overlord  
  13  0:17  Drone  
  14  0:30  Drone x2  
  16  0:48  Hatchery  
  15  0:50  Drone  
  15  0:54  Drone  
  17  0:57  Drone  
  18  1:08  Extractor  
  17  1:12  Spawning Pool  
  17  1:15  Drone  
  17  1:19  Drone  
  18  1:30  Drone  
  19  1:39  Drone  
  20  1:49  Drone  
  21  2:00  Queen x2  
  21  2:01  Zergling x4  
  27  2:13  Overlord  
  27  2:14  Drone  
  28  2:19  Hatchery  
  27  2:24  Drone  
  28  2:33  Drone x3  
  31  2:41  Spore Crawler  
  31  2:42  Queen  
  33  2:44  Metabolic Boost  
  33  2:49  Overlord  
  33  2:54  Drone x2  
  35  2:59  Drone  
  36  3:08  Drone x2  
  38  3:13  Drone x2  
  38  3:14  Drone  
  38  3:18  Drone  
  38  3:19  Queen  
  44  3:22  Overlord  
  44  3:30  Overlord  
  44  3:32  Queen  
  44  3:33  Queen  
  48  3:38  Drone x2  
  50  3:43  Drone x2  
  50  3:46  Zergling x2  
  50  3:47  Zergling x2  
  54  3:49  Overlord  
  54  3:50  Drone  
  54  3:55  Drone x2  
  57  4:00  Drone x2  
  59  4:03  Drone x2  
  59  4:08  Zergling x2, Overlord  
  62  4:11  Drone x2  
  62  4:14  Drone x2  
  62  4:15  Drone  
  67  4:18  Drone  
  67  4:20  Queen  
  67  4:23  Queen  
  72  4:29  Drone, Evolution Chamber  
  72  4:31  Evolution Chamber  
  71  4:33  Drone  
  71  4:37  Spore Crawler  
  71  4:38  Spore Crawler  
  71  4:39  Spore Crawler  
  71  4:40  Zergling x4  
  71  4:41  Zergling x2  
  71  4:42  Drone  
  73  4:46  Drone  
  73  4:48  Overlord x2  
  74  4:57  Overlord  
  74  5:00  Zerg Ground Armor Level 1, Zerg Melee Weapons Level 1  
  74  5:03  Overlord  
  74  5:06  Drone  
  75  5:07  Overlord  
  75  5:10  Extractor  
  75  5:11  Extractor  
  75  5:12  Drone x3  
  75  5:13  Drone  
  77  5:15  Drone  
  77  5:16  Queen  
  77  5:18  Drone x3  
  83  5:27  Zergling x2  
  83  5:28  Zergling x4  
  86  5:31  Evolution Chamber  
  86  5:33  Lair  
  86  5:34  Drone x2  
  87  5:36  Drone x2  
  87  5:37  Drone x2  
  87  5:40  Extractor  
  87  5:41  Extractor  
  89  5:43  Baneling Nest  
  88  5:50  Hatchery  
  84  5:58  Drone x2  
  84  5:59  Spore Crawler, Overlord  
  84  6:04  Drone x2  
  88  6:10  Drone x3  
  90  6:18  Drone x2  
  90  6:27  Drone x2  
  90  6:29  Drone x2  
  90  6:31  Hatchery  
  93  6:37  Centrifical Hooks  
  93  6:38  Zergling x20  
  103  6:40  Baneling x5  
  103  6:53  Hydralisk Den  
  102  6:58  Zergling x14  
  109  7:03  Baneling x4  
  109  7:05  Zerg Ground Armor Level 2  
  109  7:22  Drone x2  
  111  7:23  Drone x5  
  111  7:24  Zerg Melee Weapons Level 2  
  111  7:29  Hatchery  
  115  7:32  Zergling x2  
  115  7:33  Zergling x12  
  115  7:34  Overlord  
  115  7:46  Muscular Augments  
  115  7:48  Zergling x10  
  115  7:49  Extractor, Zergling x12  
  125  7:51  Overseer  
  125  7:53  Baneling x8  
  125  8:02  Zergling x8  
  125  8:04  Baneling x5  
  125  8:05  Baneling  
  118  8:16  Zergling x22  
  117  8:23  Baneling x8  
  117  8:26  Hydralisk x2  
  114  8:31  Zergling x2  
  114  8:32  Zergling x12  
  115  8:38  Hydralisk x3  
  115  8:39  Zergling x2  
  115  8:40  Zergling x10  
  122  8:47  Zergling x4  
  109  8:48  Queen  
  109  8:49  Queen  
  109  8:51  Baneling  
  109  8:52  Baneling x6  
  109  8:54  Zergling x2  
  109  8:55  Zergling x10  
  111  8:57  Grooved Spines  
  111  9:01  Hydralisk x2  
  109  9:08  Hatchery, Zergling x12  
  111  9:12  Baneling  
  111  9:13  Baneling x8  
  111  9:14  Zergling x2  
  111  9:16  Zergling x8  
  116  9:18  Baneling x3  
  110  9:28  Zergling x8  
  103  9:38  Zergling x22  
  111  9:44  Hatchery  
  111  9:45  Zergling x4  
  103  9:46  Overseer  
  103  9:50  Zergling x10  
  106  9:53  Baneling x13  
  106  9:54  Zergling x4  
  108  10:01  Zergling x2  
  108  10:02  Zergling x8  
  113  10:13  Zergling x12  
  118  10:25  Zergling x2  
  118  10:26  Zergling x16  
  118  10:28  Hatchery  
  114  10:31  Drone x4  
  114  10:32  Drone x2  
  111  10:50  Drone x10  
Show
View Real Time Build Order
Export as new Build Order

HeroMarine Terran - Winner!

Build Orders: Hellion Banshee 

Get SALT Encoding   

  12  0:00  SCV  
  13  0:12  SCV  
  14  0:16  Supply Depot  
  14  0:24  SCV  
  15  0:38  SCV, Barracks  
  16  0:43  Refinery  
  16  0:50  SCV  
  17  1:02  SCV  
  18  1:14  SCV  
  20  1:25  Reaper  
  20  1:26  Orbital Command  
  20  1:40  Command Center  
  20  1:50  Supply Depot  
  20  1:52  SCV  
  21  1:57  Marine  
  22  2:04  SCV  
  22  2:08  Factory  
  23  2:16  SCV  
  23  2:19  Barracks Reactor  
  24  2:28  SCV  
  25  2:40  SCV  
  25  2:41  Command Center  
  26  2:52  SCV  
  26  2:53  Orbital Command  
  27  3:04  SCV  
  27  3:05  Starport  
  28  3:06  Refinery  
  28  3:10  Hellion  
  30  3:14  Hellion  
  30  3:16  SCV  
  30  3:18  SCV  
  34  3:20  Barracks Tech Lab  
  34  3:29  SCV  
  34  3:30  SCV  
  34  3:31  Hellion  
  38  3:35  Hellion  
  38  3:41  SCV  
  41  3:43  SCV  
  41  3:47  Banshee  
  45  3:55  SCV x2  
  47  3:56  Cloaking Field  
  47  3:57  Hellion  
  47  3:58  Hellion  
  47  4:01  Supply Depot  
  51  4:05  Orbital Command  
  51  4:07  SCV  
  51  4:09  SCV  
  53  4:11  Marine  
  54  4:19  Hellion x2  
  54  4:23  SCV x2  
  60  4:26  Supply Depot  
  60  4:30  Banshee, Barracks Tech Lab  
  63  4:36  SCV x3  
  66  4:45  Orbital Command  
  66  4:47  Barracks  
  66  4:48  SCV  
  66  4:49  SCV, Barracks, Factory Reactor  
  66  4:51  Supply Depot  
  68  4:53  Marine  
  68  4:54  Stimpack  
  69  5:00  Refinery, SCV  
  69  5:01  SCV  
  69  5:03  Refinery  
  71  5:07  Engineering Bay  
  71  5:08  Engineering Bay  
  71  5:10  SCV  
  71  5:11  Marine  
  71  5:12  SCV  
  71  5:14  SCV  
  75  5:22  SCV  
  75  5:23  Starport Reactor  
  75  5:24  SCV  
  75  5:25  Supply Depot  
  75  5:26  SCV  
  78  5:29  Marine, Supply Depot  
  78  5:34  SCV  
  80  5:36  SCV, Terran Infantry Weapons Level 1  
  80  5:37  Barracks  
  80  5:38  Terran Infantry Armor Level 1, Barracks  
  80  5:41  SCV  
  82  5:44  Marine x3  
  82  5:47  SCV  
  82  5:48  SCV  
  87  5:53  Siege Tank  
  87  5:55  SCV  
  87  5:56  Supply Depot  
  91  5:59  SCV  
  91  6:00  SCV  
  91  6:01  Marine x2  
  91  6:04  Marine x2  
  96  6:08  SCV  
  96  6:10  Marine  
  99  6:11  SCV  
  99  6:14  Supply Depot  
  99  6:18  SCV, Medivac x2  
  105  6:19  Marine x2  
  105  6:20  SCV, Supply Depot  
  105  6:21  Marine, Supply Depot  
  109  6:28  Barracks Reactor x2  
  109  6:29  Supply Depot  
  109  6:36  SCV x2, Marine x2  
  109  6:37  Marine x2, Supply Depot  
  109  6:38  Combat Shield  
  109  6:39  Marine  
  116  6:40  Armory  
  116  6:43  SCV, Siege Tank  
  120  6:48  SCV x2  
  120  6:54  Marine x2  
  124  6:55  Marine  
  124  6:56  Marine  
  124  6:57  Marine  
  124  6:58  Refinery  
  127  7:01  Supply Depot  
  127  7:02  Supply Depot  
  127  7:03  Marine  
  127  7:04  Marine  
  127  7:06  Marine x2  
  131  7:10  Factory  
  131  7:11  Marine x2  
  131  7:13  Marine  
  131  7:14  Marine  
  135  7:19  Marine  
  135  7:21  Marine  
  136  7:22  Marine  
  136  7:23  Marine  
  136  7:24  Widow Mine, Marine  
  136  7:25  Medivac  
  136  7:26  Medivac  
  136  7:29  Marine x2  
  147  7:30  Marine  
  147  7:32  Marine  
  147  7:36  Marine  
  147  7:39  Terran Infantry Armor Level 2, Terran Infantry Weapons Level 2, Marine  
  147  7:40  Marine  
  147  7:41  Marine x2  
  152  7:47  Marine x2  
  152  7:48  Marine  
  152  7:50  Marine  
  156  7:53  Drilling Claws  
  156  7:54  Marine  
  156  7:57  Marine, Factory Reactor  
  156  7:58  Marine  
  158  7:59  Marine  
  158  8:01  Command Center  
  158  8:04  Marine  
  158  8:05  Marine  
  162  8:06  Marine x2  
  162  8:09  Marine  
  162  8:12  Marine  
  151  8:15  Marine  
  151  8:16  Marine  
  151  8:17  Marine  
  151  8:19  Widow Mine, Medivac  
  145  8:22  Marine  
  145  8:23  Marine x2  
  145  8:24  Marine  
  145  8:26  Marine  
  144  8:30  Marine  
  144  8:32  Marine, Medivac  
  144  8:34  Terran Vehicle And Ship Armor Level 1, Marine  
  140  8:35  Marine  
  140  8:39  Marine  
  140  8:40  Widow Mine, Marine  
  142  8:41  Marine  
  142  8:42  Marine  
  142  8:44  Marine  
  142  8:48  Marine  
  135  8:50  Widow Mine x2, Marine  
  135  8:52  Marine  
  135  8:53  Marine, Medivac  
  144  8:57  Marine  
  144  8:58  Marine  
  144  9:01  Marine  
  144  9:02  Marine, Medivac  
  150  9:03  Marine  
  150  9:07  Factory, Siege Tank  
  153  9:11  Marine x3  
  153  9:12  Marine  
  157  9:18  Widow Mine x2  
  157  9:23  Medivac  
  155  9:25  Marine x2  
  155  9:27  Marine x3  
  155  9:30  Marine  
  140  9:32  Marine, Medivac  
  140  9:33  Marine x2  
  140  9:35  SCV x3  
  138  9:39  Widow Mine x2  
  129  9:46  Marine x2, Siege Tank  
  129  9:48  Marine x2  
  134  9:53  Marine x5  
  134  9:57  Factory Tech Lab  
  134  9:59  Planetary Fortress  
  139  10:00  Widow Mine  
  139  10:04  Marine x2  
  139  10:06  Marine x2  
  145  10:11  Marine x3  
  145  10:13  Marine x2  
  150  10:15  Widow Mine, SCV  
  150  10:16  SCV  
  150  10:19  Siege Tank x2  
  160  10:22  Marine x2  
  151  10:28  Marine x2  
  151  10:30  Marine x2  
  151  10:32  Widow Mine  
  153  10:36  Widow Mine  
  153  10:38  Barracks  
  153  10:39  Barracks  
  153  10:40  Barracks  
  147  10:45  Marine x2  
  147  10:47  Marine x2  
  147  10:48  Marine x3  
  154  10:55  Marine x2, Command Center  
  147  10:58  Refinery x2  
Tags
 
Add a new tag
Caveats
  • Supply blocks, unpowered buildings, or Contaminate may cause inaccurate times.
  • Supply counts are checked every 10 seconds.